 Dungeon Crawl Stone Soup version 0.20-a0-941-gba1b1f9 (webtiles) character file.

98058 nubinia the Stormcaller (level 15, 0/122 HPs)
             Began as a Yellow Draconian Air Elementalist on Mar 28, 2017.
             Was the Champion of Zin.
             Slain by a hornet (9 damage)
             ... created by a shambling mangrove
             ... on level 4 of the Swamp on Mar 31, 2017.
             The game lasted 03:42:23 (36791 turns).

nubinia the Stormcaller (DrAE)                     Turns: 36791, Time: 03:42:24

Health: 0/122      AC: 25    Str: 14    XL:     15   Next: 73%
Magic:  25/55      EV: 17    Int: 24    God:    Zin [******]
Gold:   1577       SH:  6    Dex: 26    Spells: 0/39 levels left

rFire    + + +     SeeInvis .   a - staff of power
rCold    + . .     Gourm    .   j - +0 buckler of the Vestibule of Hell {*Contam rPois rF+++ rC+}
rNeg     + . .     Faith    +   (armour unavailable)
rPois    ∞         Spirit   .   Z - +0 hat {MR+}
rElec    .         Reflect  .   G - +3 cloak "Joit" {MR+ Stlth+}
rCorr    +         Harm     .   S - +2 pair of gloves {Dex+3}
MR       ++++.     NoTele   +   N - +0 pair of boots of Refuge {-Tele rN+ MR+ Slay+5}
Stlth    +++++.....             A - amulet of faith
Regen    0.3/turn               u - ring of magical power
MPRegen  0.4/turn               d - +6 ring of dexterity

@: icy armour, vitalised, deflect missiles, slow
A: spit acid, acid resistance, unfitting armour, agile 1, robust 1, acidic bite,
cold-blooded, AC +9
a: Breathe Acid, Recite, Vitalisation, Imprison, Sanctuary, Donate Gold, Cure
All Mutations, Renounce Religion


You were on level 4 of the Swamp.
You worshipped Zin.
Zin was exalted by your worship.
You were near starving.

You visited 5 branches of the dungeon, and saw 24 of its levels.
You also visited: Labyrinth and Ice Cave.

You collected 2753 gold pieces.
You spent 990 gold pieces at shops.
You donated 186 gold pieces to Zin.

Inventory:

Hand Weapons
 b - the +10 morningstar "Eos" {elec, Halo rElec}
   (You found it on level 7 of the Dungeon)

   Occasionally, upon striking a foe, it will discharge some electrical energy
   and cause terrible harm.
   It insulates you from electricity.
 p - the +7 short sword of Ydwetegi {venom, rElec rPois rC- Dex-5}
   (You bought it in a shop on level 2 of the Orcish Mines)

   It poisons the flesh of those it strikes.
   It affects your dexterity (-5).
   It makes you vulnerable to cold.
   It insulates you from electricity.
   It protects you from poison.
 x - the +6 war axe of Wetwatt {elec, rElec MR+ Int-5 Dex+7}
   (You found it on level 10 of the Dungeon)

   Occasionally, upon striking a foe, it will discharge some electrical energy
   and cause terrible harm.
   It affects your intelligence (-5).
   It affects your dexterity (+7).
   It insulates you from electricity.
   It affects your resistance to hostile enchantments.
Armour
 j - the +0 buckler of the Vestibule of Hell (worn) {*Contam rPois rF+++ rC+}
   (You bought it in a shop on level 7 of the Dungeon)

   It renders you almost immune to fire.
   It protects you from cold.
   It protects you from poison.
   It causes magical contamination when unequipped.
 G - the +3 cloak "Joit" (worn) {MR+ Stlth+}
   (You bought it in a shop on level 7 of the Dungeon)

   It affects your resistance to hostile enchantments.
   It makes you more stealthy.
 N - the +0 pair of boots of Refuge (worn) {-Tele rN+ MR+ Slay+5}
   (You found it on level 6 of the Lair of Beasts)

   It affects your accuracy and damage with ranged weapons and melee attacks
   (+5).
   It protects you from negative energy.
   It affects your resistance to hostile enchantments.
   It prevents most forms of teleportation.
 S - a +2 pair of gloves of dexterity (worn)
 Z - a +0 hat of magic resistance (worn)
Magical Staves
 a - an uncursed staff of power (weapon)
Jewellery
 c - an uncursed ring of protection from magic
 d - a +6 ring of dexterity (right hand)
 t - an uncursed ring of flight
 u - a ring of magical power (left hand)
 w - an uncursed ring of wizardry
 z - an uncursed ring of protection from cold
 A - an amulet of faith (around neck)
Wands
 E - a wand of acid (12/15)
 F - a wand of flame (15/48)
 H - a wand of digging (12/24)
 J - a wand of lightning (2/15)
 L - a wand of lightning (5/15)
 O - a wand of disintegration (7/24)
 R - a wand of iceblast (7/15)
 V - a wand of flame (20/48)
 Y - a wand of scattershot (3/9)
Scrolls
 f - 4 scrolls of blinking
 g - a scroll of brand weapon
 h - 2 scrolls of remove curse
 l - 5 scrolls of magic mapping
 y - a scroll of amnesia
 C - a scroll of silence
 P - 8 scrolls of teleportation
 T - 2 scrolls of fog
 U - 4 scrolls of identify
 W - 2 scrolls of recharging
Potions
 e - 4 potions of haste
 m - a potion of magic
 n - 2 potions of heal wounds
 q - a potion of berserk rage
 r - 2 potions of agility
 D - 5 potions of curing
 Q - a potion of flight
 X - 3 potions of resistance
Books
 i - a book of Dreams

   Spells                             Type                      Level
   a - Ensorcelled Hibernation        Hexes/Ice                    2
   b - Silence                        Hexes/Air                    5
   c - Darkness                       Hexes                        6
   d - Shadow Creatures               Summoning                    6
 v - a book of Clouds

   Spells                             Type                      Level
   a - Poisonous Vapours              Poison/Air                   2
   b - Mephitic Cloud                 Conjuration/Poison/Air       3
   c - Conjure Flame                  Conjuration/Fire             3
   d - Freezing Cloud                 Conjuration/Ice/Air          6
   e - Ring of Flames                 Charms/Fire                  7
Miscellaneous
 k - 2 phantom mirrors
 s - a lightning rod (2/4)
 K - a lamp of fire (inert)
Comestibles
 o - 11 meat rations
 B - 22 fruits
 I - 16 bread rations


   Skills:
 + Level 4.6 Fighting
 + Level 3.1 Short Blades
 + Level 7.0 Maces & Flails
 + Level 5.4 Dodging
 + Level 5.6 Stealth
 + Level 1.8 Shields
 + Level 12.9 Spellcasting
 + Level 8.0 Conjurations
 + Level 5.8 Charms
 + Level 5.5 Summonings
 + Level 6.2 Ice Magic
 * Level 15.7 Air Magic
 + Level 8.3 Invocations


You couldn't memorise any spells.
You knew the following spells:

 Your Spells              Type           Power        Failure   Level  Hunger
a - Shock                 Conj/Air       ####         1%          1    None
b - Airstrike             Air            ######....   1%          4    None
c - Mephitic Cloud        Conj/Pois/Air  ######..     1%          3    None
d - Summon Lightning Spi  Summ/Air       ######..     1%          4    None
e - Deflect Missiles      Chrm/Air       ######....   12%         6    #####..
f - Throw Frost           Conj/Ice       #####.       1%          2    None
g - Silence               Hex/Air        ######....   8%          5    ###....
h - Poisonous Vapours     Pois/Air       ######       1%          2    None
i - Summon Ice Beast      Ice/Summ       #####...     6%          4    None
j - Static Discharge      Conj/Air       ######..     1%          3    None
o - Ozocubu's Armour      Chrm/Ice       #####...     1%          3    None
s - Swiftness             Chrm/Air       ######..     1%          2    None


Dungeon Overview and Level Annotations

Branches:
Dungeon (11/15)            Temple (1/1) D:6            Lair (6/6) D:9
  Swamp (4/4) Lair:3       Spider (0/4) Lair:2        Slime (0/5) Lair:6
    Orc (2/2) D:11            Elf (0/3) Orc:2

Altars:
Ashenzari
Cheibriados
Elyvilon
Fedhas
Gozag
Hepliaklqana
Kikubaaqudgha
Makhleb
Nemelex Xobeh
Okawaru
Ru
Sif Muna
Trog
Uskayaw
Wu Jian
Xom
Yredelemnul
Zin
The Shining One
Beogh
Jiyva
Lugonu

Shops:
D:7 [}(}[   D:11 [   Orc:2 :(*[

Annotations:
D:3 nubinia's ghost, amateur TeAE


Innate Abilities, Weirdness & Mutations

You can spit globs of acid.
You are resistant to acid.
Your golden yellow scales are hard. (AC +9)
You cannot fit into any form of body armour.
You have acidic saliva.
You are cold-blooded and may be slowed by cold attacks.
You are agile. (Dex +2)
You are robust. (+10% HP)


Message History

The air twists around and violently strikes the hornet!
The hornet is severely wounded.
The hornet barely misses you. The hornet closely misses you.
The hornet stings you but does no damage.
The swamp dragon bites you!
* * * LOW HITPOINT WARNING * * *
You block the swamp dragon's attack. The swamp dragon tramples you.
* * * LOW HITPOINT WARNING * * *
You hold your ground!
Your lightning spire shoots out a bolt of lightning at the swamp dragon!
The bolt of electricity hits the swamp dragon.
Magic courses through your body. The hornet stings you!
* * * LOW HITPOINT WARNING * * *
Your divine stamina protects you from poison!
The hornet stings you but does no damage.
The swamp dragon bites your lightning spire.
The swamp dragon claws your lightning spire.
The swamp dragon tramples your lightning spire!
The hornet stings you!
You die...

♣♣ ♣♣≈≈≈≈≈♣♣♣.≈≈≈≈≈≈≈. ≈♣♣♣♣♣
♣.≈≈≈.♣♣♣♣≈≈≈≈≈≈≈≈ .≈..≈♣♣♣
♣♣♣.≈≈≈.♣♣≈..≈≈.≈≈≈.
†.≈≈≈≈.♣♣♣.≈....♣♣♣...§..≈♣♣♣
♣.≈≈≈≈.♣♣≈......♣≈...≈≈≈≈≈...
♣♣♣.≈≈.§.♣≈≈..≈♣♣♣≈≈....§..≈≈.
≈ ♣♣≈:≈♣♣♣.≈..≈♣ ♣§≈≈.♣♣♣♣.≈≈≈
≈ ♣.≈♣♣♣♣♣♣♣♣♣♣♣♣♣♣♣♣≈≈♣≈≈..♣
≈ ♣♣♣♣.♣≈.♣♣♣♣8@y♣♣♣♣.≈....≈≈
≈ ♣≈...≈≈.♣.D≈y≈♣♣.≈≈≈..≈≈≈ ≈
♣...≈≈≈.≈≈≈≈≈♣≈..≈≈≈≈≈≈≈≈ ♣
♣..♣♣≈≈≈†≈≈.≈♣♣≈≈≈≈≈.≈≈≈≈ ♣
♣♣♣♣♣)≈≈.♣♣.≈≈≈≈≈≈≈≈≈
♣♣.[..÷.≈≈≈≈≈.≈.≈
♣♣≈.≈.§.≈≈≈.....
♣≈.....≈≈.♣..≈♣
♣)§≈..≈♣≈≈♣##≈.#


You could see a swamp dragon, 2 hornets and a friendly lightning spire.

Vanquished Creatures
  Gastronok (Lair:3)
  2 thorn hunters
  The ghost of Klosterheim the Carver, a journeyman BaFi of Cheibriados (Lair:6)
  An ettin (Orc:2)
  A fire dragon (Lair:6)
  A minotaur (Lab)
  7 hydras
  2 centaur warriors
  2 ghost crabs
  A two-headed ogre (D:8)
  3 alligators
  4 orc high priests
  2 unseen horrors
  A spriggan druid (Swamp:2)
  2 swamp dragons
  2 orc knights (Orc:2)
  2 shambling mangroves (Swamp:4)
  An ugly thing (D:10)
  2 oklob plants (Lair:2)
  3 orc sorcerers (Orc:2)
  9 elephants
  2 black mambas
  Psyche (D:10)
  A torpor snail (Lair:6)
  2 komodo dragons
  18 spiny frogs
  3 kobold demonologists (D:11)
  7 rime drakes
  3 tyrant leeches
  Grinder (D:6)
  5 dream sheep (Lair:6)
  9 hornets
  5 polar bears (Lair:6)
  Prince Ribbit (Lair:3)
  2 raiju (Lair:6)
  19 blink frogs
  A meliai zombie (D:11)
  14 slime creatures
  5 bog bodies
  9 hippogriffs
  5 shadows
  A redback (Lair:2)
  4 wyverns
  3 spriggans
  3 wraiths (Lair:6)
  A basilisk (D:9)
  38 yaks
  3 hungry ghosts
  6 vampire mosquitoes
  Menkaure (D:4)
  2 steam dragons
  6 swamp worms
  13 insubstantial wisps
  4 wargs (Lair:6)
  3 acid dragons
  19 orc warriors
  6 hell hounds (Lair:6)
  6 water moccasins
  5 porcupines
  Duvessa (D:6)
  13 black bears
  3 sky beasts
  11 ice beasts
  2 necrophages
  4 swamp drakes
  15 ogres
  15 wolves
  15 crocodiles
  3 big kobolds
  9 bullfrogs
  Dowan (D:6)
  4 scorpions
  10 killer bees (D:7)
  12 wights
  3 howler monkeys (D:10)
  2 crimson imps
  3 centaur zombies
  2 jellies
  2 bullfrog zombies
  5 hounds
  A quasit (D:8)
  11 orc priests
  21 orc wizards
  A bullfrog skeleton (D:9)
  4 centaur skeletons
  5 iguanas
  4 hell rats
  10 worker ants
  A killer bee zombie (D:8)
  A hound zombie (D:7)
  3 hound skeletons
  A howler monkey skeleton (D:5)
  3 gnolls (D:11)
  15 adders
  2 shadow imps
  An ooze (D:4)
  3 dart slugs
  2 worms (D:2)
  5 leopard geckos
  67 orcs
  A ball python (D:1)
  A giant cockroach (D:3)
  18 goblins
  6 hobgoblins
  21 jackals
  5 quokkas
  6 bats
  2 frilled lizards
  23 kobolds
  A leopard gecko skeleton (D:5)
  2 leopard gecko zombies
  6 rats
  A fungus (Lair:4)
676 creatures vanquished.

Vanquished Creatures (collateral kills)
  A thorn hunter (Swamp:1)
  An orc warlord (Orc:2)
  A stone giant (Orc:1)
  Josephine (Lair:6)
  6 hydras
  The ghost of Doomer the Cleaver, a novice DrBe of Trog (D:9)
  3 alligators
  An orc high priest (Orc:2)
  A swamp dragon (Lair:6)
  An orc knight (Orc:2)
  An ugly thing (IceCv)
  6 elephants
  An orange demon (Swamp:4)
  3 spiny frogs
  2 komodo dragons (Lair:6)
  5 polar bears (Lair:6)
  4 tyrant leeches
  A troll (D:11)
  3 bog bodies
  11 dream sheep (Lair:6)
  5 slime creatures
  6 blink frogs
  2 hornets
  3 hippogriffs
  2 redbacks (Lair:2)
  2 wraiths (Lair:6)
  3 spriggans
  28 yaks
  A wyvern (Lair:2)
  A basilisk (Lair:6)
  2 vampire mosquitoes
  A soldier ant (D:11)
  2 wargs (Lair:6)
  A swamp worm (Swamp:2)
  7 hell hounds (Lair:6)
  3 water moccasins
  14 orc warriors
  3 black bears (Lair:6)
  An ice beast (IceCv)
  7 wolves
  3 ogres
  3 crocodiles (Lair:6)
  A bullfrog (Lair:4)
  A big kobold (D:11)
  3 wights (D:11)
  7 orc wizards
  4 orc priests
  A hell rat (Lair:6)
  A gnoll (D:11)
  20 orcs
  A fungus (Lair:6)
  2 plants
195 creatures vanquished.

Vanquished Creatures (others)
  A quokka (D:9)
  A bush (Lair:3)
  10 fungi
  36 plants
48 creatures vanquished.

Grand Total: 919 creatures vanquished

Notes
Turn   | Place    | Note
-------+----------+-------------------------------------------
     0 | D:1      | nubinia the Draconian Air Elementalist began the quest for the Orb.
     0 | D:1      | Reached XP level 1. HP: 14/14 MP: 3/3
   247 | D:1      | Reached XP level 2. HP: 20/20 MP: 0/5
   302 | D:1      | Learned a level 2 spell: Swiftness
  1067 | D:2      | Reached XP level 3. HP: 26/26 MP: 3/6
  1100 | D:2      | Learned a level 3 spell: Static Discharge
  1587 | D:2      | Reached XP level 4. HP: 33/33 MP: 5/8
  2163 | D:3      | Reached skill level 4 in Air Magic
  2292 | D:3      | Found a shimmering altar of Xom.
  2302 | D:3      | Found a shimmering altar of Xom.
  2403 | D:3      | Noticed nubinia's ghost (amateur TeAE)
  2720 | D:4      | Reached XP level 5. HP: 23/38 MP: 1/9
  2837 | D:4      | Noticed Menkaure
  3094 | D:4      | Learned a level 4 spell: Airstrike
  4321 | D:5      | Entered Level 5 of the Dungeon
  4437 | D:5      | Found a white marble altar of Elyvilon.
  4439 | D:5      | Found an opulent altar of Gozag.
  4548 | D:5      | Noticed an ogre
  4592 | D:5      | Found a snail-covered altar of Cheibriados.
  4774 | D:5      | Reached XP level 6. HP: 45/45 MP: 11/11
  4810 | D:5      | Noticed an ice beast
  4821 | D:5      | Killed an ice beast
  4821 | D:5      | Reached skill level 1 in Short Blades
  5094 | D:5      | Found a sacrificial altar of Ru.
  5499 | D:6      | Noticed a sky beast
  5645 | D:6      | Your scales start taking on a golden yellow colour.
  5645 | D:6      | Reached XP level 7. HP: 50/50 MP: 13/13
  5891 | D:6      | Reached skill level 5 in Air Magic
  6310 | D:6      | Noticed Duvessa
  6310 | D:6      | Noticed Dowan
  6340 | D:6      | Found a burning altar of Makhleb.
  6492 | D:6      | Reached skill level 5 in Spellcasting
  6492 | D:6      | Reached XP level 8. HP: 55/58 MP: 13/15
  6497 | D:6      | Reached skill level 1 in Fighting
  6568 | D:6      | Reached skill level 5 in Conjurations
  6697 | D:6      | Found a staircase to the Ecumenical Temple.
  6708 | Temple   | Entered the Ecumenical Temple
  6709 | Temple   | Gained mutation: You are robust. (+10% HP) [potion of mutation]
  6709 | Temple   | Gained mutation: You are agile. (Dex +2) [potion of mutation]
  6709 | Temple   | Lost mutation: You are agile. (Dex +2) [potion of mutation]
  6709 | Temple   | Gained mutation: You are agile. (Dex +2) [potion of mutation]
  6713 | Temple   | Became a worshipper of Zin the Law-Giver
  6713 | Temple   | Reached * piety under Zin
  6829 | D:6      | Killed Duvessa
  6895 | D:6      | Reached ** piety under Zin
  6909 | D:6      | Killed Dowan
  6909 | D:6      | Reached skill level 6 in Air Magic
  7127 | D:4      | Killed Menkaure
  7127 | D:4      | Reached skill level 1 in Invocations
  7589 | D:6      | Found a hide-covered altar of Uskayaw.
  7590 | D:6      | Noticed Grinder
  7590 | D:6      | Paralysed by Grinder for 6 turns
  7602 | D:6      | Killed Grinder
  7880 | D:7      | Reached XP level 9. HP: 63/70 MP: 13/18
  7922 | D:7      | Found Zehi's Gadget Shop.
  7931 | D:7      | Found Omacsyza's Weapon Shoppe.
  8001 | D:7      | Found Yrghituf's Armour Shoppe.
  8087 | D:7      | Found a shattered altar of Ashenzari.
  8287 | D:7      | Found Pezaxas's Antique Armour Boutique.
  8425 | D:7      | Reached skill level 7 in Air Magic
  9046 | D:7      | Found Eteuhol's Gadget Emporium.
  9500 | D:8      | Reached *** piety under Zin
  9573 | D:8      | Noticed a centaur warrior
  9821 | D:8      | Noticed a two-headed ogre
 10138 | D:7      | Bought the +3 cloak "Joit" {MR+ Stlth+} for 453 gold pieces
 10388 | D:8      | Reached XP level 10. HP: 80/80 MP: 21/21
 10401 | D:8      | Reached **** piety under Zin
 10630 | D:8      | Reached skill level 1 in Maces & Flails
 10630 | D:8      | Reached skill level 8 in Air Magic
 10969 | D:9      | Reached ***** piety under Zin
 11103 | D:8      | Killed a centaur warrior
 11103 | D:8      | Reached skill level 5 in Invocations
 11555 | D:8      | Killed a two-headed ogre
 11759 | D:9      | Noticed Doomer's ghost (novice DrBe)
 11938 | D:9      | Reached skill level 9 in Air Magic
 12123 | D:9      | Found a white marble altar of Elyvilon.
 12172 | D:10     | Entered Level 10 of the Dungeon
 12188 | D:10     | Noticed Psyche
 12297 | D:11     | Learned a level 4 spell: Summon Lightning Spire
 12328 | D:11     | Found Pec Gangi's Antique Armour Shoppe.
 12414 | D:10     | Killed Psyche
 12583 | D:9      | Reached skill level 1 in Summonings
 12583 | D:9      | Reached XP level 11. HP: 88/89 MP: 23/23
 13300 | D:9      | Found a staircase to the Lair.
 13387 | Lair:1   | Entered Level 1 of the Lair of Beasts
 13426 | Lair:1   | Found a labyrinth entrance.
 13435 | Lab      | Entered a labyrinth
 13602 | Lab      | Noticed a minotaur
 13614 | Lab      | Killed a minotaur
 13621 | Lab      | Identified Dicaixom's Tome of Unstable Augmentations
 13754 | Lair:1   | Found a frozen archway.
 13930 | IceCv    | Entered an ice cave
 13930 | IceCv    | Noticed a white ugly thing
 13940 | IceCv    | Killed a white ugly thing
 14046 | IceCv    | Noticed a white ugly thing
 14520 | Lair:1   | You fall through a shaft!
 14626 | Lair:1   | Reached ****** piety under Zin
 14909 | Lair:1   | Reached skill level 10 in Air Magic
 15207 | D:7      | Bought a bloodstained buckler for 275 gold pieces
 15212 | D:7      | Identified the cursed +0 buckler of the Vestibule of Hell {*Contam rPois rF+++ rC+} (You bought it in a shop on level 7 of the Dungeon)
 15500 | Lair:2   | Found a hole to the Spider Nest.
 15875 | Lair:2   | Noticed an oklob plant
 15884 | Lair:2   | Killed an oklob plant
 15995 | Lair:2   | Noticed an oklob plant
 16007 | Lair:2   | Killed an oklob plant
 16007 | Lair:2   | Reached XP level 12. HP: 97/97 MP: 3/25
 16683 | Lair:3   | Noticed Gastronok
 16709 | Lair:3   | Killed Gastronok
 17070 | Lair:3   | Reached skill level 10 in Spellcasting
 17263 | Lair:3   | Found a staircase to the Swamp.
 17269 | Lair:3   | Noticed Prince Ribbit
 17278 | Lair:3   | Killed Prince Ribbit
 17413 | Lair:3   | Learned a level 6 spell: Deflect Missiles
 17478 | Lair:3   | Reached skill level 11 in Air Magic
 17503 | Lair:3   | Noticed a seven-headed hydra
 17513 | Lair:3   | Killed a seven-headed hydra
 17513 | Lair:3   | Reached skill level 1 in Charms
 18404 | Lair:4   | Reached skill level 5 in Stealth
 19098 | Lair:4   | Noticed an eight-headed hydra
 19540 | Lair:4   | Killed an eight-headed hydra
 19710 | Lair:5   | Noticed a six-headed hydra
 19719 | Lair:5   | Killed a six-headed hydra
 20077 | Lair:5   | Reached XP level 13. HP: 104/104 MP: 27/27
 20150 | Lair:5   | Reached skill level 12 in Air Magic
 20152 | Lair:5   | Reached skill level 1 in Shields
 20832 | Lair:6   | Entered Level 6 of the Lair of Beasts
 21554 | D:9      | Killed Doomer's ghost
 21554 | D:9      | Reached skill level 5 in Maces & Flails
 21728 | D:10     | Learned a level 2 spell: Throw Frost
 21732 | D:10     | Learned a level 3 spell: Ozocubu's Armour
 21822 | D:10     | Identified the +6 war axe of Wetwatt {elec, rElec MR+ Int-5 Dex+7} (You found it on level 10 of the Dungeon)
 21969 | D:10     | Reached skill level 1 in Ice Magic
 22588 | D:11     | Found a corrupted altar of Lugonu.
 22995 | D:11     | Found a staircase to the Orcish Mines.
 23615 | D:11     | Upgraded the game from 0.20-a0-927-g1ae2c61 to 0.20-a0-939-g04f5055
 23660 | Orc:1    | Entered Level 1 of the Orcish Mines
 24241 | Orc:2    | Entered Level 2 of the Orcish Mines
 24242 | Orc:2    | Found a staircase to the Elven Halls.
 24450 | Orc:2    | Found a roughly hewn altar of Beogh.
 24493 | Orc:2    | Noticed an orc warlord
 24495 | Orc:2    | Noticed an ettin
 24707 | Orc:2    | Killed an ettin
 25007 | Orc:2    | Reached skill level 13 in Air Magic
 25007 | Orc:2    | Gained mutation: You have acidic saliva. [Yellow Draconian growth]
 25007 | Orc:2    | Reached XP level 14. HP: 52/113 MP: 29/29
 25279 | Orc:1    | Noticed a stone giant
 25293 | Orc:1    | Zin protects you from harm!
 25294 | Orc:1    | Killed a stone giant
 26158 | Orc:2    | Found Geor's General Store.
 26159 | Orc:2    | Found Lilloeg's Book Shoppe.
 26160 | Orc:2    | Found Lepeg's Antique Armour Emporium.
 26160 | Orc:2    | Found Wiehupo's Antique Weapon Emporium.
 26165 | Orc:2    | Bought an iridescent short sword for 232 gold pieces
 26165 | Orc:2    | Identified the +7 short sword of Ydwetegi {venom, rElec rPois rC- Dex-5} (You bought it in a shop on level 2 of the Orcish Mines)
 26175 | Orc:2    | Bought a scroll of identify for 30 gold pieces
 26185 | Orc:2    | Reached skill level 5 in Charms
 26185 | Orc:2    | Reached skill level 5 in Summonings
 26493 | Orc:2    | Killed an orc warlord
 27477 | Lair:6   | Reached skill level 5 in Dodging
 27744 | Lair:6   | Noticed Klosterheim's ghost (journeyman BaFi)
 27759 | Lair:6   | Killed Klosterheim's ghost
 27905 | Lair:6   | Found a staircase to the Slime Pits.
 27905 | Lair:6   | Found a viscous altar of Jiyva.
 28074 | Lair:6   | Identified the cursed +0 pair of boots of Refuge {-Tele rN+ MR+ Slay+5} (You found it on level 6 of the Lair of Beasts)
 28212 | Lair:6   | Upgraded the game from 0.20-a0-939-g04f5055 to 0.20-a0-941-gba1b1f9
 29912 | Lair:6   | Reached skill level 14 in Air Magic
 30081 | Lair:6   | Learned a level 4 spell: Summon Ice Beast
 30337 | Lair:6   | Reached skill level 5 in Ice Magic
 30895 | Lair:6   | Noticed Josephine
 30899 | Lair:6   | Killed Josephine
 31098 | Swamp:1  | Entered Level 1 of the Swamp
 31546 | Swamp:1  | Learned a level 5 spell: Silence
 31682 | Swamp:1  | Reached XP level 15. HP: 122/122 MP: 31/31
 31896 | Swamp:1  | Noticed a thorn hunter
 31964 | Swamp:1  | Killed a thorn hunter
 32349 | Swamp:1  | Noticed a thorn hunter
 32360 | Swamp:1  | Killed a thorn hunter
 32693 | Swamp:2  | Found a shattered altar of Ashenzari.
 33737 | Swamp:2  | Reached skill level 15 in Air Magic
 34777 | Swamp:3  | Learned a level 2 spell: Poisonous Vapours
 34781 | Swamp:3  | Learned a level 3 spell: Mephitic Cloud
 35858 | Swamp:4  | Entered Level 4 of the Swamp
 36443 | Swamp:4  | Noticed a thorn hunter
 36459 | Swamp:4  | Killed a thorn hunter
 36791 | Swamp:4  | Slain by a hornet

Vault maps used:
D:1:      lightli_arrival_boilingwater
D:2:      minmay_pentomino_t2
D:3:      first_bread, xom_redecorated
D:4:      cheibrodos_greedy_goblins, serial_glass, glass_columns_c,
          glass_columns_c, item_on_display_a, feat_on_display,
          minmay_misc_feat_rugged, uniq_menkaure
D:5:      kennysheep_little_box, grunt_temple_overflow_open,
          serial_park_tiny_pond, nicolae_ru_awakened_eye
D:6:      lemuel_round_altar, marbit_many_paths, minmay_temple_entry_glass,
          uniq_grinder, uniq_duvessa
D:7:      cheibrodos_ashenzari_chains, serial_shops, kennysheep_mini_moat,
          nicolae_shop_crystal, shop_statue, nicolae_shop_statue_plus, shop,
          hangedman_glass_teeth, kennysheep_small_spiral
D:8:      minmay_bloctagon
D:9:      erik_lair_dragon, grunt_ogre_cave, elyvilon_altar_4
D:10:     grunt_ministairs_10, uniq_psyche
D:11:     kennysheep_kobold_lugonu_temple,
          kennysheep_orc_monster_closet_entryway, serial_shops,
          nicolae_shop_overgrown_old_shop
Temple:   nicolae_temple_x_marks_the_god
Lair:1:   lab_entry_generic, portal_ice_cave_rime, serial_bayou_shore_a
Lair:2:   spider_nest_entry_a, st_stairs_10, minmay_holes, lemuel_fruit_tree,
          grunt_megastairs_5, minmay_lair_oklob_chamber
Lair:3:   swamp_mist, uniq_gastronok, uniq_prince_ribbit2
Lair:4:   grunt_megastairs_2
Lair:6:   hangedman_lair_caniforms_friends, guppyfry_lair_end_dragon,
          slime_altar_1, lemuel_fruit_fields, uniq_josephine
Swamp:1:  hangedman_swamp_cone
Swamp:2:  basic_altar, swamp_pool2
Swamp:3:  evilmike_swamp_ruin_house_3
Swamp:4:  swamp_vile, swamp_pool4
Orc:2:    st_orc_congregation, basic_altar
Lab:      nicolae_lab_dead_adventurers, labyrinth_fake_exit, nicolae_lab_blocks,
          nicolae_lab_dead_end, nicolae_lab_stuck
IceCv:    ice_cave_statue_garden_teleport

Skill      XL: |  1  2  3  4  5  6  7  8  9 10 11 12 13 14 15 |
---------------+----------------------------------------------+-----
Stealth        | 2 3 4 5 |  5.6
Conjurations   | 2 3 4 5 6 7 8 |  8.0
Air Magic      | 4 5 6 7 9 10 11 13 14 15 | 15.7
Spellcasting   | 3 4 5 6 7 8 9 10 11 12 | 12.9
Short Blades   | 1 2 3 |  3.1
Dodging        | 2 3 4 5 |  5.4
Fighting       | 1 2 3 4 |  4.6
Invocations    | 2 4 6 7 8 |  8.3
Maces & Flails | 2 3 4 5 6 7 |  7.0
Summonings     | 1 4 5 |  5.5
Charms         | 3 4 5 |  5.8
Shields        | 1 |  1.8
Ice Magic      | 3 5 6 |  6.2

Action                   |  1- 3 |  4- 6 |  7- 9 | 10-12 | 13-15 || total
-------------------------+-------+-------+-------+-------+-------++-------
Melee: Short sword       |    33 |    13 |       |       |       ||    46
       Tailslap          |     3 |     3 |    17 |    13 |    57 ||    93
       Dagger            |       |    28 |   106 |    34 |       ||   168
       Morningstar       |       |       |     2 |   140 |   415 ||   557
       Bite              |       |       |       |       |    26 ||    26
 Cast: Shock             |    62 |   138 |   179 |   151 |   499 ||  1029
       Static Discharge  |       |     5 |    28 |    35 |    26 ||    94
       Airstrike         |       |       |    29 |   205 |   386 ||   620
       Swiftness         |       |       |       |     2 |     2 ||     4
       Summon Lightning  |       |       |       |    17 |   137 ||   154
       Deflect Missiles  |       |       |       |       |     7 ||     7
       Ozocubu's Armour  |       |       |       |       |    12 ||    12
       Summon Ice Beast  |       |       |       |       |     2 ||     2
Invok: Recite            |       |       |     2 |     4 |    28 ||    34
       Vitalisation      |       |       |       |       |     1 ||     1
 Abil: Breathe Acid      |       |       |     2 |     1 |       ||     3
Evoke: Wand              |       |       |       |       |    12 ||    12
       Lightning rod     |       |       |       |       |     2 ||     2
       Lamp of fire      |       |       |       |       |     1 ||     1
  Use: Potion            |     1 |     2 |     1 |     5 |     7 ||    16
       Scroll            |       |     5 |     2 |    19 |    12 ||    38
 Stab: Sleeping          |     1 |     2 |     3 |     8 |     1 ||    15
       Distracted        |       |     1 |       |     5 |    11 ||    17
       Confused          |       |       |       |     1 |       ||     1
       Paralysed         |       |       |       |       |    19 ||    19
       Invisible         |       |       |       |       |     1 ||     1
  Eat: Chunk             |     3 |     8 |    12 |    36 |    40 ||    99
       Meat ration       |       |     1 |     1 |       |     1 ||     3
       Fruit             |       |       |     2 |     4 |     2 ||     8
       Royal jelly       |       |       |       |     2 |     8 ||    10
Armor: Skin              |     6 |     9 |    38 |    98 |   192 ||   343
Dodge: Dodged            |    22 |    28 |    87 |   190 |   381 ||   708
       Deflected         |       |       |       |       |    15 ||    15
Block: Buckler           |       |       |       |    30 |   138 ||   168
